2968 views
Uploaded 2020-04-17 16:06:24
Game version 1.32.3
12:01 long 2on2 ladder game on (4)SynergyBigPaved
Saved by zebroni
2968 views
Uploaded 2020-04-17 16:06:24
Game version 1.32.3
12:01 long 2on2 ladder game on (4)SynergyBigPaved
53 units @ 7.2k
/ 1.4k
18 buildings @ 3k
/ 1k

| Staff of Preservation | 1 | 150 |
| Potion of Mana | 2 | 400 |
| Potion of Healing | 4 | 600 |
| Dust of Appearance | 1 | 75 |
| total: | 8 | 1225g |
| Wisp | 11 | 660 | / | 0 |
| Archer | 8 | 1040 | / | 80 |
| Dryad | 12 | 1740 | / | 720 |
| total: | 31 | 3440g | / | 800w |
| Altar of Elders | 1 | 180 | / | 50 |
| Moon Well | 3 | 540 | / | 120 |
| Ancient of War | 1 | 150 | / | 60 |
| Hunter's Hall | 1 | 210 | / | 100 |
| Ancient of Wonders | 1 | 90 | / | 30 |
| Ancient of Lore | 2 | 310 | / | 290 |
| Tree of Ages | 1 | 320 | / | 180 |
| Tree of Eternity | 1 | 330 | / | 200 |
| total: | 9 | 1480g | / | 650w |
| 0:01 | Wisp |
| 0:07 | Altar of Elders |
| 0:08 | Wisp |
| 0:17 | Moon Well |
| 0:19 | Wisp |
| 0:35 | Ancient of War |
| 0:38 | Wisp |
| 0:46 | Wisp |
| 1:02 | Wisp |
| 1:07 | Wisp |
| 1:07 | Wisp |
| 1:07 | Wisp |
| 1:14 | Wisp |
| 1:33 | Moon Well |
| 1:40 | Archer |
| 2:40 | Tree of Ages |
| 2:43 | Moon Well |
| 2:54 | Archer |
| 3:17 | Archer |
| 3:22 | Archer |
| 3:25 | Entangling Roots |
| 3:38 | Archer |
| 3:43 | Hunter's Hall |
| 3:50 | Dust of Appearance |
| 4:17 | Archer |
| 4:24 | Force of Nature |
| 4:37 | Archer |
| 5:13 | Ancient of Lore |
| 5:15 | Ancient of Lore |
| 5:34 | Ultravision |
| 5:37 | Wisp |
| 5:40 | Archer |
| 5:50 | Ancient of Wonders |
| 6:34 | Dryad |
| 7:07 | Abolish Magic |
| 7:07 | Dryad |
| 7:10 | Dryad |
| 7:17 | Entangling Roots |
| 7:33 | Dryad |
| 7:44 | Staff of Preservation |
| 7:49 | Potion of Mana |
| 7:57 | Dryad |
| 8:17 | Dryad |
| 8:41 | Force of Nature |
| 9:12 | Dryad |
| 9:14 | Tree of Eternity |
| 9:22 | Potion of Healing |
| 9:47 | Potion of Healing |
| 9:49 | Dryad |
| 9:49 | Dryad |
| 10:17 | Potion of Healing |
| 10:17 | Potion of Mana |
| 10:19 | Force of Nature |
| 10:30 | Potion of Healing |
| 10:38 | Dryad |
| 10:59 | Dryad |
| 11:14 | Dryad |


| Rod of Necromancy | 1 | 150 |
| total: | 1 | 150g |
| Acolyte | 4 | 300 | / | 0 |
| Ghoul | 4 | 480 | / | 0 |
| Crypt Fiend | 14 | 3010 | / | 560 |
| total: | 22 | 3790g | / | 560w |
| Nerubian Tower | 1 | 100 | / | 20 |
| Graveyard | 1 | 215 | / | 0 |
| Crypt | 1 | 200 | / | 50 |
| Altar of Darkness | 1 | 180 | / | 50 |
| Ziggurat | 5 | 750 | / | 250 |
| Tomb of Relics | 1 | 130 | / | 30 |
| Halls of the Dead | 1 | 320 | / | 210 |
| Black Citadel | 1 | 325 | / | 230 |
| total: | 9 | 1475g | / | 380w |
| 0:05 | Acolyte |
| 0:06 | Acolyte |
| 0:06 | Acolyte |
| 0:28 | Graveyard |
| 0:32 | Crypt |
| 0:50 | Altar of Darkness |
| 0:57 | Ziggurat |
| 1:29 | Tomb of Relics |
| 1:37 | Ghoul |
| 1:55 | Crypt Fiend |
| 2:07 | Crypt Fiend |
| 2:28 | Ziggurat |
| 2:52 | Rod of Necromancy |
| 3:05 | Death Coil |
| 4:02 | Halls of the Dead |
| 4:04 | Ghoul |
| 4:19 | Unholy Aura |
| 4:51 | Ghoul |
| 4:52 | Crypt Fiend |
| 4:59 | Crypt Fiend |
| 5:21 | Creature Attack |
| 5:37 | Nerubian Tower |
| 5:58 | Crypt Fiend |
| 6:02 | Ziggurat |
| 6:26 | Crypt Fiend |
| 6:53 | Ziggurat |
| 7:28 | Black Citadel |
| 7:37 | Crypt Fiend |
| 7:42 | Ziggurat |
| 8:01 | Death Coil |
| 8:21 | Frost Nova |
| 8:41 | Crypt Fiend |
| 8:41 | Crypt Fiend |
| 9:10 | Dark Ritual |
| 9:17 | Crypt Fiend |
| 9:38 | Crypt Fiend |
| 10:32 | Acolyte |
| 10:40 | Ghoul |
| 10:40 | Crypt Fiend |
| 11:08 | Crypt Fiend |
| 11:34 | Unholy Aura |
| 11:47 | Crypt Fiend |
/ 0.8k
22 buildings @ 3.9k
/ 1.5k


| Wisp | 11 | 660 | / | 0 |
| Dryad | 5 | 725 | / | 300 |
| Ice Troll Trapper | 3 | 600 | / | 60 |
| Ice Troll Berserker | 2 | 490 | / | 60 |
| Gnoll Overseer | 1 | 305 | / | 35 |
| total: | 22 | 2780g | / | 455w |
| Altar of Elders | 1 | 180 | / | 50 |
| Moon Well | 5 | 900 | / | 200 |
| Ancient of War | 1 | 150 | / | 60 |
| Hunter's Hall | 1 | 210 | / | 100 |
| Ancient of Wonders | 1 | 90 | / | 30 |
| Ancient of Lore | 3 | 465 | / | 435 |
| Tree of Ages | 1 | 320 | / | 180 |
| Tree of Eternity | 1 | 330 | / | 200 |
| total: | 12 | 1995g | / | 875w |
| 0:01 | Wisp |
| 0:01 | Wisp |
| 0:02 | Wisp |
| 0:02 | Wisp |
| 0:06 | Altar of Elders |
| 0:18 | Moon Well |
| 0:28 | Wisp |
| 0:47 | Ancient of War |
| 1:01 | Wisp |
| 1:19 | Wisp |
| 1:42 | Wisp |
| 1:42 | Wisp |
| 1:43 | Moon Well |
| 2:07 | Entangling Roots |
| 2:09 | Ice Troll Trapper |
| 2:48 | Tree of Ages |
| 3:27 | Hunter's Hall |
| 3:35 | Force of Nature |
| 3:51 | Ice Troll Berserker |
| 3:58 | Moon Well |
| 5:15 | Tree of Eternity |
| 5:34 | Entangling Roots |
| 5:52 | Ice Troll Trapper |
| 5:53 | Ice Troll Berserker |
| 6:12 | Ancient of Lore |
| 6:18 | Ancient of Lore |
| 6:44 | Ancient of Lore |
| 7:05 | Ancient of Wonders |
| 7:13 | Breath of Fire |
| 7:34 | Dryad |
| 7:53 | Gnoll Overseer |
| 7:53 | Ice Troll Trapper |
| 8:14 | Force of Nature |
| 8:38 | Dryad |
| 8:40 | Abolish Magic |
| 8:40 | Druid of the Claw Adept Training |
| 9:20 | Dryad |
| 10:01 | Dryad |
| 10:05 | Wisp |
| 10:05 | Wisp |
| 10:45 | Dryad |
| 10:52 | Entangling Roots |
| 11:01 | Drunken Brawler |
| 11:49 | Tranquility |
| 11:57 | Moon Well |
| 11:59 | Moon Well |

| Wisp | 17 | 1020 | / | 0 |
| Archer | 5 | 650 | / | 50 |
| Huntress | 10 | 1950 | / | 200 |
| Glaive Thrower | 1 | 210 | / | 65 |
| total: | 33 | 3830g | / | 315w |
| Ancient of War | 2 | 300 | / | 120 |
| Moon Well | 5 | 900 | / | 200 |
| Altar of Elders | 1 | 180 | / | 50 |
| Hunter's Hall | 1 | 210 | / | 100 |
| Tree of Life | 1 | 340 | / | 185 |
| Tree of Ages | 1 | 320 | / | 180 |
| total: | 10 | 1930g | / | 655w |
| 0:03 | Wisp |
| 0:03 | Wisp |
| 0:08 | Ancient of War |
| 0:18 | Moon Well |
| 0:31 | Wisp |
| 0:42 | Wisp |
| 0:42 | Wisp |
| 1:08 | Archer |
| 1:13 | Altar of Elders |
| 1:14 | Wisp |
| 1:21 | Wisp |
| 1:23 | Archer |
| 1:47 | Moon Well |
| 1:59 | Archer |
| 2:04 | Wisp |
| 2:28 | Wisp |
| 2:29 | Wisp |
| 2:43 | Hunter's Hall |
| 2:49 | Black Arrow |
| 2:58 | Ancient of War |
| 3:21 | Archer |
| 3:39 | Wisp |
| 3:40 | Wisp |
| 3:42 | Moon Well |
| 3:53 | Ultravision |
| 3:57 | Archer |
| 4:37 | Silence |
| 5:00 | Huntress |
| 5:13 | Huntress |
| 5:37 | Huntress |
| 5:49 | Huntress |
| 5:58 | Moon Well |
| 6:24 | Moon Well |
| 6:32 | Black Arrow |
| 7:04 | Huntress |
| 7:25 | Tree of Life |
| 7:44 | Glaive Thrower |
| 8:21 | Huntress |
| 8:42 | Silence |
| 8:53 | Huntress |
| 9:46 | Tree of Ages |
| 10:14 | Huntress |
| 10:46 | Huntress |
| 10:53 | Wisp |
| 10:53 | Wisp |
| 10:53 | Wisp |
| 10:53 | Wisp |
| 11:17 | Huntress |
| 11:35 | Black Arrow |
| 11:51 | Wisp |
⇛